 Dungeon Crawl Stone Soup version 0.24.0-125-gc4c63601f3 (webtiles) character file.

Game seed: 7323309763597406836, levelgen mode: deterministic

4 MajorAdolf the Magician (level 1, -2/22 HPs)
             Began as a Naga Wanderer on Mar 1, 2020.
             Slain by an ogre
             ... wielding a +0 giant club
              (15 damage)
             ... on level 2 of the Dungeon.
             The game lasted 00:02:12 (594 turns).

MajorAdolf the Magician (Naga Wanderer)              Turns: 594, Time: 00:02:13

Health: -2/22      AC: 20    Str: 17    XL:     1   Next: 60%
Magic:  6/6        EV:  1    Int:  8    God:
Gold:   46         SH:  3    Dex: 11    Spells: 9/10 levels left

rFire    . . .     SeeInvis +   a - +0 spear
rCold    . . .     Gourm    .   d - +0 buckler
rNeg     + + +     Faith    .   (armour currently unavailable)
rPois    +         Spirit   .   (helmet currently unavailable)
rElec    .         Reflect  .   (cloak currently unavailable)
rCorr    .         Harm     .   (gloves currently unavailable)
MR       .....     NoTele   +   (no barding)
Stlth    ++........             (no amulet)
HPRegen  0.07/turn              (no ring)
MPRegen  0.10/turn              (no ring)

@: short of breath, tree-form
A: large, see invisible, slow metabolism 1, spit poison 1, AC +0
a: Spit Poison


You were on level 2 of the Dungeon.
You were not hungry.
You were a tree.
You visited 1 branch of the dungeon, and saw 2 of its levels.

You collected 46 gold pieces.

Inventory:

Hand Weapons
 a - a +0 spear (weapon)
Armour
 c - a +0 robe (melded)
 d - a +0 buckler (worn)
Potions
 e - a potion of brilliance {unknown}
Comestibles
 f - a ration


   Skills:
 + Level 2.4 Stealth
 + Level 0.1 Shields
 - Level 5.0 Spellcasting
 - Level 1.0 Conjurations
   Level 1.0 Fire Magic
   Level 1.0 Ice Magic
   Level 1.0 Evocations


You had 9 spell levels left.
You knew the following spells:

 Your Spells              Type           Power        Failure   Level  Hunger
a - Magic Dart            Conj           #...         28%         1    #......

Your spell library contained the following spells:

 Spells                   Type           Power        Failure   Level  Hunger
 Blink                    Tloc           N/A          54%         2    ##.....
 Call Imp                 Summ           #.......     54%         2    ##.....
 Slow                     Hex            #.......     54%         2    ##.....
 Conjure Flame            Conj/Fire      #.......     63%         3    ###....
 Mephitic Cloud           Conj/Pois/Air  #.......     73%         3    ###....


Dungeon Overview and Level Annotations

Branches:
Dungeon (2/15)

Altars:

Annotations:
D:1 exclusion: jackal


Innate Abilities, Weirdness & Mutations

You cannot wear boots.
((Your serpentine skin is tough. (AC +0)))
You have supernaturally acute eyesight. (SInv)
((Armour fits poorly on your strangely shaped body.))
((Your system is resistant to poisons. (rPois)))
((You cover ground very slowly.))
You have a slow metabolism.
You can spit poison.


Message History

The ogre is lightly wounded.
The goblin hits you. The ogre hits you but does no damage.
You hit the ogre.
The ogre is moderately wounded.
The goblin hits you.
You hit the ogre.
The ogre is heavily wounded.
The ogre hits you with a +0 giant club. The goblin hits you but does no damage.
You barely miss the ogre.
The ogre is heavily wounded.
You have got your breath back.
You block the ogre's attack. The goblin hits you but does no damage.
Press: ? - help, Shift-Dir - straight line, f/p - ogre
Aim: an ogre, wielding a +0 giant club (heavily wounded)
The splash of poison hits the ogre!
The ogre is severely wounded.
You feel slightly more hungry. The goblin hits you but does no damage.
The ogre hits you with a +0 giant club!
Ouch! That really hurt!
You die...

#.##.#..####
#..#.#....<#
##.#.#.#####
#.....#
#.....#
#.....#
#.....#
##....#
#♣>..#
#gO..#####
#........#
###..(...#
#......#
####.#####
#........#
#........#
#........#


You could see an ogre and a goblin.

Vanquished Creatures
  A bat (D:1)
  A kobold (D:1)
  A goblin (D:1)
  A rat (D:1)
4 creatures vanquished.

Notes
Turn   | Place    | Note
-------+----------+-------------------------------------------
     0 | D:1      | MajorAdolf the Naga Wanderer began the quest for the Orb.
     0 | D:1      | MajorAdolf set off with the following items: a +0 club, a
                  | potion of lignification, a +0 robe, a ration; and the
                  | following spell memorised: Magic Dart; and the following
                  | spells available to memorise: Blink, Call Imp, Slow,
                  | Conjure Flame, Mephitic Cloud
     0 | D:1      | Reached XP level 1. HP: 15/15 MP: 6/6
   580 | D:2      | Noticed an ogre
   594 | D:2      | Slain by an ogre

Levels and vault maps discovered:
D:1:      dpeg_arrival_circle_labyrinth_a, layout_basic
D:2:      layout_basic, hangedman_abyss_or_decor_stabs

Skill      XL: |  1 |
---------------+----+-----
Stealth        | 2 |  2.4
Shields        | |  0.1
Spellcasting   | |  5.0
Conjurations   | |  1.0
Fire Magic     | |  1.0
Ice Magic      | |  1.0
Evocations     | |  1.0

Action                   || total
-------------------------++-------
Melee: Spear             ||     6
 Abil: Spit Poison       ||     5
  Use: Potion            ||     1
Armor: Skin              ||     6
       Robe              ||     1
Dodge: Dodged            ||     2
Block: Buckler           ||     3
